 Seeded DCSS version 0.30.1-11-g7821555f0a (webtiles) character file.

Game seed: 430007637681659361 (custom seed)

7724 strifetoe the Thaumaturge (level 11, 0/79 HPs)
             Began as a Djinni Hedge Wizard on Nov 10, 2023.
             Was a Priest of Ru.
             Shot with an arrow by a centaur warrior (16 damage)
             ... on level 8 of the Dungeon.
             The game lasted 00:30:49 (11462 turns).

strifetoe the Thaumaturge (Djinni Hedge Wizard)    Turns: 11462, Time: 00:30:50

Health: 0/79       AC:  6    Str: 13    XL:     11   Next: 42%
Gold:   437        EV: 12    Int: 20    God:    Ru [***...] SH:  0 Dex: 13

rFire   + + +        k - +3 greatsling "Punk" {acid, rCorr}
rCold   x . .        (no shield)
rNeg    . . .        b - +0 robe
rPois   ∞            f - +0 helmet
rElec   .            x - +2 cloak of the Thief {*Fog Slay-2 SInv Stlth+}
rCorr   +            (no gloves)
SInv    +            (boots unavailable)
Will    ++...        (no amulet) Stlth
                     g - ring "Beodiduh" {Str+4 SInv}
HPRegen 0.33/turn    p - ring of Daisies {rF+ Will+}
MPRegen 0.00/turn

%: infuse magic (-1 HP)
@: flying, studying Ranged Weapons, unable to drink
A: sickness immunity, fire resistance 2, cold vulnerability 1, inability to
drink after injury 2, no stealth, missing an eye, float, innate caster, HP
casting, extra vitality 1
a: Renounce Religion, Draw Out Power


You were on level 8 of the Dungeon.
You worshipped Ru.
Ru was most pleased with you.
You visited 1 branch of the dungeon, and saw 8 of its levels.
You also visited: Ossuary.

You collected 437 gold pieces.

Inventory:

Hand Weapons
 j - a +1 whip of electrocution
 k - the +3 greatsling "Punk" (weapon) {acid, rCorr}
   (You acquired it on level 2 of the Dungeon)

   rCorr:     It protects you from acid and corrosion.
 r - a +1 spear of freezing
Missiles
 e - 4 throwing nets
 o - 97 stones
Armour
 b - a +0 robe (worn)
 f - a +0 helmet (worn)
 x - the +2 cloak of the Thief (worn) {*Fog Slay-2 SInv Stlth+}
   (You acquired it on level 8 of the Dungeon)

   *Fog:      It may release a thick cloud of smoke when the wearer is hurt.
   Slay:      It affects your accuracy & damage with ranged weapons and melee
   (-2).
   SInv:      It lets you see invisible.
   Stlth:     It makes you more stealthy.
Jewellery
 g - the ring "Beodiduh" (left hand) {Str+4 SInv}
   (You acquired it on level 2 of the Dungeon)

   [ring of see invisible]

   Str:       It affects your strength (+4).
   SInv:      It lets you see invisible.
 p - the ring of Daisies (right hand) {rF+ Will+}
   (You acquired it on level 2 of the Dungeon)

   [ring of willpower]

   rF:        It protects you from fire.
   Will:      It increases your willpower.
 y - a +6 ring of dexterity
Wands
 n - a wand of flame (19)
Scrolls
 d - 2 scrolls of blinking
 q - 6 scrolls of identify
 s - a scroll of enchant weapon
Potions
 a - a potion of berserk rage
 c - 3 potions of haste {unknown}
 h - 2 potions of might
 i - 9 potions of curing
 l - 3 potions of ambrosia
 m - a potion of mutation
 t - 2 potions of brilliance
 u - 2 potions of heal wounds
 w - a potion of resistance {unknown}


   Skills:
 + Level 7.6 Fighting
 + Level 10.0 Ranged Weapons
 + Level 0.0 Armour
 + Level 2.1 Dodging
 - Level 11.7 Spellcasting


You knew the following spells:

 Your Spells              Type           Power      Damage    Failure   Level
a - Magic Dart            Conj           100%       1d8       1%          1
b - Slow                  Hex            100%       N/A       1%          1
c - Blink                 Tloc           100%       N/A       1%          2
d - Call Imp              Summ           100%       N/A       1%          2
e - Mephitic Cloud        Conj/Pois/Air  56%        N/A       1%          3
f - Sting                 Tmut/Pois      100%       1d8       1%          1
g - Searing Ray           Conj           100%       2d8       1%          2
h - Poisonous Vapours     Pois/Air       100%       N/A       1%          2
i - Swiftness             Air            56%        N/A       1%          3
j - Dispel Undead         Necr           56%        3d20      1%          4
Your spell library was empty.

Dungeon Overview and Level Annotations

Branches:
Dungeon (8/15)             Temple (0/1) D:4            Lair (0/5) D:8
Ossuary (visited)

Altars:
Ashenzari
Dithmenos
Hepliaklqana
Nemelex Xobeh
Ru
Trog
Wu Jian

Shops:
D:6 !


Innate Abilities, Weirdness & Mutations

You are immune to sickness and miasma.
You are immune to poison.
Your flesh is very heat resistant. (rF++)
You are vulnerable to cold. (rC-)
You sometimes lose the ability to drink potions when taking damage.
You cannot be stealthy.
You are missing an eye, making it more difficult to aim.
You float through the air rather than walking.
You learn spells naturally, not from books.
Your magical power is your life essence.
You have superior vitality. (+4 MHP)


Message History

Casting: Mephitic Cloud (safe; 1% risk of failure)
Confirm with . or Enter, or press ? or * to list all spells.
A tiny devil pulls itself out of the air.
The centaur warrior shoots an arrow.
The arrow hits you!
You feel threatened and lose the ability to drink potions!
Unknown command.
Fire: k) +3 greatsling "Punk" {acid, rCorr}
Press: ? - help, Q - select action, (/) - cycle Shift-Dir - straight line, f - centaur warrior
Aim: a centaur warrior, wielding a +0 shortbow (ally target, 56% to hit)
You shoot a sling bullet.
The sling bullet misses the centaur warrior.
The sling bullet hits the troll.
The troll is splashed with acid!
The troll is moderately wounded.
The centaur warrior shoots an arrow.
The arrow hits you!
The centaur warrior shoots an arrow.
The arrow misses you.
Fire: k) +3 greatsling "Punk" {acid, rCorr}
Press: ? - help, Q - select action, (/) - cycle Shift-Dir - straight line, f/p - centaur warrior
Aim: a centaur warrior, wielding a +0 shortbow (blue smoke, ally target, 56% to hit)
You shoot a sling bullet.
The sling bullet barely misses the centaur warrior.
The centaur warrior shoots an arrow.
The arrow barely misses you.
Unknown command.
Fire: k) +3 greatsling "Punk" {acid, rCorr}
Press: ? - help, Q - select action, (/) - cycle Shift-Dir - straight line, f/p - centaur warrior
Aim: a centaur warrior, wielding a +0 shortbow (blue smoke, ally target, 56% to hit)
You shoot a sling bullet.
The sling bullet barely misses the centaur warrior.
The centaur warrior shoots an arrow.
The arrow hits you!!
* * * LOW HITPOINT WARNING * * *
Unknown command.
The centaur warrior shoots an arrow.
The arrow hits your cerulean imp!
Your cerulean imp dies!
Your cerulean imp disappears in a puff of smoke!
Unknown command.
Okay, then.
You cannot drink potions in your current state!
You redirect the centaur warrior's attack!
The centaur warrior shoots an arrow.
The arrow hits the troll!
The centaur warrior shoots an arrow.
The arrow hits you!
You die...

...# #####...............'..#
..z# z#######........)...##.#
...# DTc..§T###..........##.#
##z# #§§###......#....# ##Y#
###§T§§###...#####.. ...#
##..##c#§#.###....#### #..#
###....#.#.#§#.#####.# ##.#
###....#.#....§§....##.#
#.####...#.#..#@#.#.#.#####.#
#.##....#.#.#.##.#.#.######.####
##.#.##...#.#..#....####..##....#
...#.####....#.#..####....##....#
.#.##..####....'####....#.##.....
.#.##....####..###....#...##....#
.#.##.##...#####....#...#.##....#
.#.##.##.#...##'##....#...##.####
.#.##......#...#####....#.##.#


You could see a centaur warrior and a troll.

Vanquished Creatures
  3 death yaks
  Prince Ribbit (D:7)
  A shadow (D:5)
  5 yaks (D:8)
  A wyvern (D:7)
  2 steam dragons
  4 vampire mosquitoes (D:7)
  Menkaure (D:6)
  2 water moccasins
  An ice beast (D:7)
  2 hornet zombies (Ossuary)
  4 sky beasts
  An ogre (D:5)
  2 centaurs (D:6)
  2 kobold brigands
  Blork the orc (D:6)
  6 bullfrogs
  A water moccasin zombie (Ossuary)
  8 wights
  Dowan (D:4)
  3 howler monkeys
  2 centaur zombies (Ossuary)
  5 bullfrog zombies (Ossuary)
  A jelly (D:7)
  2 orc priests
  4 hounds
  A gnoll bouda (D:5)
  13 mummies (Ossuary)
  Terence (D:2)
  3 iguanas
  2 sleepcaps
  5 orc wizards
  3 killer bee zombies (Ossuary)
  A howler monkey zombie (Ossuary)
  Robin (D:4)
  10 gnolls
  6 adders
  2 white imps
  An ufetubus (D:4)
  3 worms
  4 dart slugs
  22 orcs
  6 endoplasms
  8 giant cockroaches
  14 goblins
  11 hobgoblins
  5 jackals
  5 quokkas
  11 ball pythons
  10 bats
  A frilled lizard (D:1)
  14 kobolds
  5 rats
234 creatures vanquished.

Vanquished Creatures (collateral kills)
  A water moccasin (D:6)
  Duvessa (D:4)
  A wight (D:6)
  2 bullfrog zombies (Ossuary)
  Crazy Yiuf (D:5)
  2 gnolls (D:4)
  An adder (D:2)
  A hobgoblin (D:3)
10 creatures vanquished.

Vanquished Creatures (others)
  A yak (D:8)
  An orc wizard (D:7)
  An orc (D:7)
3 creatures vanquished.

Grand Total: 247 creatures vanquished

Notes
Turn   | Place    | Note
-------+----------+-------------------------------------------
     0 | D:1      | strifetoe the Djinni Hedge Wizard began the quest for the
                  | Orb.
     0 | D:1      | strifetoe set off with the following spells memorised:
                  | Magic Dart, Slow, Blink, Call Imp, Mephitic Cloud.
     0 | D:1      | Reached XP level 1. HP: 15/15 MP: 0/0
   155 | D:1      | Reached XP level 2. HP: 19/21 MP: 0/0
   302 | D:1      | Reached skill level 3 in Spellcasting
   381 | D:1      | Reached XP level 3. HP: 19/25 MP: 0/0
   381 | D:1      | Learned a level 1 spell: Sting
   873 | D:2      | Noticed Terence
  1019 | D:2      | Reached XP level 4. HP: 20/31 MP: 0/0
  1235 | D:2      | Found a faded altar of an unknown god.
  1242 | D:2      | Prayed at the altar of an unknown god.
  1242 | D:2      | Became a worshipper of Ru the Awakened
  1253 | D:2      | Gained mutation: You are missing an eye, making it more
                  | difficult to aim. [Ru sacrifice]
  1253 | D:2      | Reached * piety under Ru
  1314 | D:2      | Identified 3 scrolls of acquirement
  1314 | D:2      | Acquired the +3 greatsling "Punk" {acid, rCorr}
  1314 | D:2      | Found the +3 greatsling "Punk" {acid, rCorr}
  1316 | D:2      | Acquired a manual of Spellcasting
  1318 | D:2      | Acquired the ring "Beodiduh" {Str+4 SInv}
  1364 | D:2      | Killed Terence
  1365 | D:2      | Reached skill level 4 in Spellcasting
  1713 | D:2      | Acquired the ring of Daisies {rF+ Will+}
  1789 | D:3      | Reached XP level 5. HP: 35/35 MP: 0/0
  1789 | D:3      | Learned a level 2 spell: Searing Ray
  1869 | D:3      | Reached skill level 1 in Ranged Weapons
  1945 | D:3      | Found a sparkling altar of Nemelex Xobeh.
  2033 | D:3      | Reached skill level 5 in Spellcasting
  2033 | D:3      | Reached XP level 6. HP: 20/40 MP: 0/0
  2185 | D:3      | Found a bloodstained altar of Trog.
  2186 | D:3      | Found an ornate altar of the Wu Jian Council.
  2303 | D:3      | You are sucked into a shaft and drop 2 floors!
  2303 | D:5      | Entered Level 5 of the Dungeon
  2320 | D:5      | Noticed a steam dragon
  2974 | D:4      | Found a staircase to the Ecumenical Temple.
  3056 | D:4      | Noticed Duvessa
  3058 | D:4      | Noticed Dowan
  3065 | D:4      | Killed Duvessa
  3066 | D:4      | Reached XP level 7. HP: 30/45 MP: 0/0
  3066 | D:4      | Learned a level 2 spell: Poisonous Vapours
  3080 | D:4      | Killed Dowan
  3722 | D:4      | Gained mutation: You occasionally lose the ability to drink
                  | potions when taking damage. [Ru sacrifice]
  3722 | D:4      | Gained mutation: You sometimes lose the ability to drink
                  | potions when taking damage. [Ru sacrifice]
  3722 | D:4      | Reached ** piety under Ru
  3801 | D:4      | Noticed Robin
  3811 | D:4      | Killed Robin
  4198 | D:5      | Noticed a shadow
  4485 | D:5      | Reached skill level 5 in Ranged Weapons
  4485 | D:5      | Reached XP level 8. HP: 48/50 MP: 0/0
  4488 | D:5      | Killed a shadow
  4943 | D:5      | Found a runed translucent door.
  4944 | D:5      | Noticed Crazy Yiuf
  5129 | D:5      | Reached skill level 1 in Fighting
  5134 | D:5      | Reached skill level 6 in Spellcasting
  5566 | D:5      | Killed Crazy Yiuf
  5862 | D:6      | Found Ybrut's Distillery.
  5976 | D:6      | Reached XP level 9. HP: 41/60 MP: 0/0
  5976 | D:6      | Learned a level 3 spell: Swiftness
  6193 | D:6      | Reached skill level 7 in Spellcasting
  6340 | D:6      | Found a broken altar of Ashenzari.
  6437 | D:6      | Noticed Blork the orc
  6440 | D:6      | Killed Blork the orc
  6504 | D:6      | Reached skill level 8 in Spellcasting
  6506 | D:6      | Reached skill level 5 in Fighting
  6680 | D:6      | Noticed Menkaure
  6686 | D:6      | Killed Menkaure
  6980 | D:7      | Noticed Prince Ribbit
  7008 | D:7      | Killed Prince Ribbit
  7068 | D:7      | Reached skill level 9 in Spellcasting
  7068 | D:7      | Reached XP level 10. HP: 44/73 MP: 0/0
  7323 | D:7      | Reached skill level 10 in Spellcasting
  7823 | D:7      | Gained mutation: You cannot be stealthy. [Ru sacrifice]
  7823 | D:7      | Reached *** piety under Ru
  7906 | D:7      | Found a shadowy altar of Dithmenos.
  8105 | D:7      | Found a hazy altar of Hepliaklqana.
  8265 | D:7      | Acquired a manual of Ranged Weapons
  8368 | D:8      | Found a sand-covered staircase.
  8373 | Ossuary  | Entered an ossuary
  9202 | D:8      | Acquired the +2 cloak of the Thief {*Fog Slay-2 SInv
                  | Stlth+}
  9202 | D:8      | Found the +2 cloak of the Thief {*Fog Slay-2 SInv Stlth+}
  9322 | D:8      | Reached skill level 11 in Spellcasting
  9537 | D:8      | Reached XP level 11. HP: 79/79 MP: 0/0
  9537 | D:8      | Learned a level 4 spell: Dispel Undead
  9612 | D:8      | Found a staircase to the Lair.
  9613 | D:8      | Noticed a death yak
  9613 | D:8      | Noticed a death yak
 10193 | D:7      | Killed a death yak
 10654 | D:8      | Noticed a death yak
 10686 | D:8      | Killed a death yak
 11111 | D:8      | Noticed a death yak
 11132 | D:8      | Killed a death yak
 11133 | D:8      | Reached skill level 10 in Ranged Weapons
 11450 | D:8      | Noticed a centaur warrior
 11451 | D:8      | Noticed a skeletal warrior
 11462 | D:8      | Shot with an arrow by a centaur warrior

Illustrated notes

Levels and vault maps discovered:
D:1:      wander_arrival_chamber, layout_basic, kennysheep_boxes
D:2:      layout_rooms, dilly_ecumenical_altar_fadedgnrine, basic_altar,
          uniq_terence
D:3:      layout_basic, mainiacjoe_overflow_swirl, jmf_multi_god_temple,
          minmay_puff
D:4:      layout_loops_corners, minmay_temple_entry_junction_2,
          minmay_joined_circles, uniq_robin, uniq_duvessa
D:5:      layout_layer_cave, uniq_crazy_yiuf_cottage
D:6:      layout_rooms, mainiacjoe_overflow_catwalk, serial_shops,
          nicolae_shop_statue_plus, serial_park_tiny_1, uniq_blork_the_orc,
          uniq_menkaure
D:7:      layout_loops_cross, mainiacjoe_overflow_surrounded_room,
          mainiacjoe_overflow_alcove_4, uniq_prince_ribbit1
D:8:      minmay_the_grid_triangle_9x9_rhombus_full
          [minmay_the_grid_triangle_9x9_zippers_horizontal,
          minmay_the_grid_triangle_9x9_descending_squares,
          minmay_the_grid_triangle_9x9_wacky_v,
          minmay_the_grid_triangle_9x9_corruption,
          minmay_the_grid_triangle_9x9_negative_grid,
          minmay_the_grid_triangle_9x9_zippers_vertical,
          minmay_the_grid_triangle_9x9_limited_checkers,
          minmay_the_grid_triangle_9x9_prize_insulated], layout_loops_corners,
          dpeg_lair_monsters, enter_ossuary_2

Skill      XL: |  1  2  3  4  5  6  7  8  9 10 11 |
---------------+----------------------------------+-----
Spellcasting   | 3 4 5 6 9 11 | 11.7
Ranged Weapons | 1 3 5 6 8 10 | 10.0
Fighting       | 3 6 7 |  7.6
Stealth        | 0 |  0.0
Dodging        | |  2.1

Action                     |  1- 3 |  4- 6 |  7- 9 | 10-12 || total
---------------------------+-------+-------+-------+-------++-------
  Melee: Whip              |     1 |       |       |       ||     1
   Fire: Greatsling        |       |   129 |   197 |   307 ||   633
   Cast: Magic Dart        |    84 |    14 |    64 |    22 ||   184
         Call Imp          |     1 |     5 |     5 |     7 ||    18
         Sting             |       |     1 |       |     3 ||     4
         Searing Ray       |       |     3 |    18 |     2 ||    23
         Mephitic Cloud    |       |       |    13 |     2 ||    15
         Poisonous Vapours |       |       |     2 |       ||     2
         Blink             |       |       |     2 |    16 ||    18
         Swiftness         |       |       |       |     5 ||     5
 Invoke: Sacrifice an Eye  |       |     1 |       |       ||     1
         Sacrifice Drink   |       |       |     1 |       ||     1
         Sacrifice Stealth |       |       |       |     1 ||     1
  Evoke: Wand              |       |       |       |    23 ||    23
    Use: Scroll            |     3 |    11 |     5 |     9 ||    28
         Potion            |       |       |     6 |     1 ||     7
 Armour: Robe              |     5 |     9 |    29 |    31 ||    74
  Dodge: Dodged            |    21 |    40 |    92 |   107 ||   260
